Map: Triton LE

Players

RuFF

  • Race: Terran Terran
  • League: Master
  • Spawn Location: 5:00

Tee - Winner!

  • Race: Terran Terran
  • League: Master
  • Spawn Location: 11:00

VOD

Have the link to the VOD?

Description

Time

  • Played on: Dec. 15, 2019, 12:01 p.m.
  • Length: 13:44
Show
View Real Time Build Order
Export as new Build Order

RuFF Terran 

Build Orders: Hellion Banshee 

Get SALT Encoding   

  12  0:00  SCV  
  13  0:13  SCV  
  14  0:17  Supply Depot  
  14  0:25  SCV  
  15  0:30  Refinery  
  15  0:39  SCV  
  16  0:44  Barracks  
  16  0:52  SCV  
  17  1:04  SCV  
  18  1:16  SCV  
  19  1:31  Orbital Command  
  19  1:32  Marine  
  20  1:34  Factory  
  20  1:41  Supply Depot  
  20  2:01  Barracks Reactor  
  20  2:04  SCV  
  21  2:16  SCV  
  21  2:18  Command Center  
  22  2:33  Starport  
  22  2:35  SCV  
  23  2:40  Supply Depot  
  23  2:42  Hellion  
  23  2:43  Hellion  
  27  2:47  SCV  
  28  2:59  SCV  
  28  3:04  Hellion x2  
  33  3:11  SCV  
  33  3:13  Starport Tech Lab  
  33  3:17  Supply Depot  
  33  3:21  Barracks Tech Lab  
  33  3:25  Hellion, Refinery  
  35  3:31  Cloaking Field  
  35  3:34  SCV  
  35  3:38  Orbital Command  
  35  3:44  Hellion  
  37  3:51  Hellion  
  37  3:54  SCV  
  38  4:09  Hellion  
  40  4:12  Hellion  
  40  4:17  Banshee  
  40  4:21  SCV  
  44  4:31  Hellion  
  46  4:32  SCV  
  46  4:33  SCV  
  46  4:34  Hellion  
  50  4:41  Barracks Tech Lab  
  50  4:44  SCV  
  51  4:45  Barracks  
  51  4:47  Barracks  
  51  4:52  Hellion, SCV  
  54  4:55  Hellion  
  56  5:00  Banshee  
  56  5:02  SCV  
  56  5:04  SCV  
  49  5:40  Barracks Tech Lab  
  49  5:41  Barracks Reactor, Stimpack  
  42  5:42  Barracks Reactor  
  42  5:43  Marine, Banshee  
  42  5:45  Hellion x2  
  50  5:53  SCV  
  51  6:10  Marine  
  52  6:13  SCV x2  
  52  6:15  Refinery  
  52  6:16  Engineering Bay, Refinery  
  52  6:17  Engineering Bay  
  58  6:22  Marine x4  
  58  6:24  Starport  
  58  6:28  Marine  
  56  6:39  Marine  
  49  6:43  Marine x3  
  49  6:46  SCV, Marine  
  51  6:47  Medivac  
  53  6:56  Terran Infantry Weapons Level 1  
  53  6:57  Terran Infantry Armor Level 1, Marine  
  53  7:00  Marine  
  53  7:01  Marine  
  56  7:08  Marine  
  56  7:09  Marine  
  56  7:12  SCV  
  56  7:15  Marine  
  60  7:24  Marine x2  
  60  7:25  Medivac  
  60  7:26  Marine  
  60  7:27  Combat Shield  
  62  7:31  Supply Depot  
  62  7:32  Supply Depot  
  62  7:37  SCV x2, Medivac x2  
  62  7:42  Marine x3  
  62  7:43  Marine  
  72  7:50  SCV x2  
  74  7:56  Factory Tech Lab  
  74  8:00  Medivac  
  76  8:07  Marine x5  
  81  8:13  Medivac x2  
  81  8:18  SCV x2  
  87  8:22  Command Center  
  87  8:24  Marine  
  87  8:25  Marine x2  
  87  8:26  Armory  
  84  9:05  Marine x5  
  66  9:17  Terran Infantry Armor Level 2, Terran Infantry Weapons Level 2  
  66  9:23  Marine x5  
  70  9:32  Medivac x2  
  74  9:38  Barracks, Planetary Fortress  
  74  9:39  Barracks  
  74  9:40  SCV x2, Marine  
  74  9:41  Marine x4  
  74  9:42  Siege Tank  
  83  9:58  Marine x2  
  83  9:59  Marine x3, Terran Vehicle Weapons Level 1  
  87  10:16  Marine x3  
  87  10:17  Marine  
  89  10:24  Marine  
  89  10:25  Marine  
  87  10:30  Marine  
  87  10:34  Marine x4  
  86  10:37  Siege Tank  
  86  10:42  Marine x2  
  89  10:44  SCV  
  89  10:48  Marine  
  92  10:52  Marine x2  
  94  11:07  Marine  
  94  11:09  Marine x2  
  94  11:10  Marine x2  
  75  11:25  Marine  
  69  11:26  Marine  
  69  11:28  Marine  
  60  11:43  Marine  
  60  11:44  Marine  
  49  12:00  Marine  
  41  12:02  Marine  
  41  12:08  Orbital Command  
  34  12:12  Barracks x2  
  34  12:14  Barracks  
  24  12:18  Marine  
  24  12:20  Marine  
  26  12:36  Marine  
  27  12:38  Marine  
  28  12:54  Marine  
  28  12:55  Marine  
  20  13:04  Marine x2  
  20  13:05  Marine  
  19  13:12  Marine  
  18  13:13  Marine  
  13  13:36  Starport Tech Lab  
Show
View Real Time Build Order
Export as new Build Order

Tee Terran - Winner!

Build Orders:  

Get SALT Encoding   

  12  0:00  SCV  
  13  0:13  SCV  
  14  0:17  Supply Depot  
  14  0:25  SCV  
  15  0:29  Refinery  
  15  0:39  SCV  
  16  0:44  Barracks  
  16  0:51  SCV  
  16  0:55  Refinery  
  17  1:03  SCV  
  18  1:15  SCV  
  19  1:32  Factory  
  20  1:33  Orbital Command  
  20  1:37  Reaper  
  20  1:49  Supply Depot  
  20  2:00  SCV  
  21  2:13  SCV, Barracks Reactor  
  22  2:17  Hellion  
  24  2:25  SCV  
  25  2:33  Command Center  
  25  2:43  Factory Tech Lab, Starport  
  25  2:47  SCV  
  25  2:50  Marine  
  25  2:51  Marine  
  28  2:57  Supply Depot  
  28  3:11  Marine x2  
  30  3:13  SCV  
  30  3:19  Cyclone  
  34  3:24  Starport Tech Lab  
  34  3:29  SCV  
  34  3:31  Marine x2  
  37  3:41  SCV  
  38  3:45  Refinery  
  37  3:48  Raven  
  37  3:50  Orbital Command  
  37  3:58  Cyclone  
  37  4:00  SCV  
  39  4:07  Marine x2  
  39  4:12  SCV  
  37  4:20  SCV  
  38  4:24  Marine x2  
  38  4:25  Supply Depot  
  38  4:29  SCV  
  41  4:33  SCV  
  41  4:35  Siege Tank  
  45  4:42  SCV  
  46  4:46  Raven  
  46  4:47  SCV  
  49  4:52  Marine  
  49  4:53  Marine  
  49  4:54  SCV  
  49  4:59  SCV  
  53  5:02  Supply Depot  
  53  5:06  SCV  
  54  5:12  SCV  
  55  5:18  SCV  
  55  5:23  Marine  
  55  5:24  SCV, Marine, Siege Tank  
  58  5:30  SCV  
  51  5:36  SCV  
  48  5:46  SCV  
  49  5:50  Command Center  
  49  5:51  Viking x2  
  52  6:04  SCV, Marine  
  52  6:05  Stimpack  
  52  6:07  Siege Tank  
  52  6:09  SCV  
  52  6:10  Supply Depot  
  58  6:16  SCV  
  58  6:18  Supply Depot  
  59  6:21  SCV  
  60  6:28  SCV  
  61  6:33  SCV  
  58  6:40  SCV  
  58  6:42  Barracks  
  58  6:43  Starport Reactor  
  58  6:45  Barracks, SCV  
  59  6:47  Marine, Siege Tank  
  59  6:53  SCV  
  64  6:55  Supply Depot  
  64  6:57  SCV  
  65  7:05  SCV  
  61  7:08  Orbital Command  
  61  7:09  SCV  
  61  7:10  Marine  
  61  7:13  Engineering Bay  
  61  7:14  Engineering Bay  
  61  7:17  SCV  
  61  7:22  SCV  
  58  7:26  Siege Tank  
  58  7:28  Marine  
  58  7:29  SCV  
  62  7:32  Marine x2  
  62  7:34  SCV x2  
  67  7:38  Starport Reactor  
  67  7:40  Terran Infantry Weapons Level 1  
  67  7:41  SCV  
  67  7:45  Marine x2, Refinery  
  67  7:46  SCV, Marine  
  67  7:47  SCV  
  72  7:53  SCV, Marine x2, Combat Shield  
  72  7:58  SCV  
  76  7:59  SCV  
  76  8:00  Siege Tank  
  76  8:03  Marine  
  81  8:07  SCV  
  81  8:10  Marine  
  81  8:11  Marine x3  
  81  8:12  SCV  
  87  8:14  Orbital Command  
  87  8:17  Barracks  
  87  8:19  SCV  
  88  8:20  Barracks, Medivac  
  88  8:21  Medivac  
  92  8:28  SCV  
  92  8:30  Marine x3  
  92  8:31  Marine x2  
  98  8:38  Siege Tank  
  100  8:41  Missile Turret  
  100  8:42  Missile Turret  
  100  8:45  Missile Turret  
  100  8:48  Marine  
  97  9:01  SCV  
  97  9:02  Marine x2  
  83  9:03  Marine x2  
  83  9:04  SCV  
  78  9:16  SCV, Marine  
  76  9:17  Siege Tank  
  76  9:18  Barracks Reactor x2  
  76  9:19  SCV  
  76  9:20  Marine x2  
  76  9:24  SCV, Marine x2  
  82  9:28  SCV  
  84  9:32  SCV  
  84  9:34  Marine  
  84  9:36  SCV  
  87  9:40  SCV  
  87  9:41  Missile Turret  
  87  9:44  SCV  
  89  9:47  Medivac x2  
  89  9:49  SCV  
  89  9:50  Marine  
  89  9:51  Marine  
  96  9:56  SCV  
  96  9:59  Marine x3  
  100  10:00  Marine x2  
  100  10:02  SCV  
  100  10:03  SCV  
  103  10:08  SCV  
  103  10:10  Marine x3  
  103  10:17  Marine x2  
  98  10:23  Marine x4  
  98  10:28  Marine x3  
  103  10:31  SCV  
  103  10:32  SCV  
  103  10:34  Marine  
  103  10:35  Marine  
  108  10:38  SCV  
  107  10:48  SCV x2  
  107  10:49  Marine  
  109  10:59  Marine  
  109  11:04  Marine  
  109  11:12  Marine  
  109  11:14  SCV x3  
  106  11:20  Marine x2  
  106  11:21  Marine  
  106  11:24  Marine x3  
  109  11:27  Marine  
  109  11:28  Marine  
  109  11:30  Marine  
  95  11:34  Siege Tank  
  95  11:38  Marine x3  
  86  11:42  Marine x3  
  86  11:45  Marine  
  86  11:46  Marine  
  85  11:48  Marine  
  83  11:57  Marine x3  
  68  12:03  Marine x4  
  68  12:04  Marine  
  68  12:05  SCV  
  70  12:09  Marine  
  70  12:14  Marine  
  70  12:15  Marine  
  73  12:16  Marine  
  73  12:21  Marine  
  75  12:28  Marine x2, Orbital Command  
  75  12:29  Marine  
  66  13:00  Marine x5  
  71  13:10  SCV  
  72  13:17  SCV  
Tags
 
Composition
Hellion Banshee
Matchup
TvT
Race
Terran
Spawn Locations
Cross Positions
Add a new tag
Caveats
  • Supply blocks, unpowered buildings, or Contaminate may cause inaccurate times.
  • Supply counts are checked every 10 seconds.